 Dungeon Crawl Stone Soup version 0.23.2-1-ga50397a6bc (webtiles) character file.

Game seed: 16382589173671041068

86291 TheAraber the Tortoise (level 15, -5/126 HPs)
             Began as a Minotaur Gladiator on May 29, 2019.
             Was the Champion of Okawaru.
             Splashed with acid (24 damage)
             ... on level 1 of the Pits of Slime.
             The game lasted 01:24:24 (28394 turns).

TheAraber the Tortoise (Minotaur Gladiator)        Turns: 28394, Time: 01:24:26

Health: -5/126     AC: 31    Str: 24    XL:     15   Next: 40%
Magic:  7/16       EV: 20    Int:  5    God:    Okawaru [******]
Gold:   2283       SH:  0    Dex: 17    Spells: 10/14 levels left

rFire    . . .     SeeInvis .   R - +5 lajatang (speed)
rCold    . . .     Gourm    .   (shield currently unavailable)
rNeg     + . .     Faith    .   O - +2 pearl dragon scales
rPois    .         Spirit   .   A - +2 hat
rElec    .         Reflect  .   B - +2 cloak
rCorr    .         Harm     .   v - +1 pair of gloves
MR       +....                  W - +2 pair of boots {Stlth+}
Stlth    ++........             y - amulet of regeneration
HPRegen  0.71/turn              p - +4 ring of strength
MPRegen  0.15/turn              x - ring of stealth

@: no status effects
A: retaliatory headbutt, horns 2, frail 1, low mp 1, wild magic 1
a: Heroism, Finesse, Renounce Religion


You were on level 1 of the Pits of Slime.
You worshipped Okawaru.
Okawaru was exalted by your worship.
You were very hungry.

You visited 5 branches of the dungeon, and saw 25 of its levels.
You also visited: Bailey.

You collected 2751 gold pieces.
You spent 468 gold pieces at shops.

Inventory:

Hand Weapons
 R - a +5 lajatang of speed (weapon)
Missiles
 d - 8 throwing nets (quivered)
Armour
 v - a +1 pair of gloves (worn)
 A - a +2 hat (worn)
 B - a +2 cloak (worn)
 O - +2 pearl dragon scales (worn)
 W - a +2 pair of boots of stealth (worn)
Jewellery
 p - a +4 ring of strength (left hand)
 x - a ring of stealth (right hand)
 y - an amulet of regeneration (around neck)
 G - an uncursed ring of protection from fire
 I - an uncursed ring of resist corrosion
 M - an uncursed ring of resist corrosion
 U - an uncursed ring of protection from fire
 V - an uncursed ring of protection from cold
 Z - an uncursed amulet of rage
Wands
 o - a wand of flame (8)
 F - a wand of paralysis (22)
 H - a wand of enslavement (20)
 J - a wand of iceblast (11)
 L - a wand of polymorph (30)
 S - a wand of acid (7)
 Y - a wand of digging (4)
Scrolls
 b - a scroll of fog
 c - 3 scrolls of enchant weapon
 g - 8 scrolls of identify
 h - 8 scrolls of remove curse
 i - 3 scrolls of fear
 j - 6 scrolls of enchant armour
 k - 2 scrolls of noise
 l - 10 scrolls of teleportation
 t - 3 scrolls of immolation
 z - 3 scrolls of magic mapping
 T - a scroll of blinking
Potions
 a - 3 potions of heal wounds
 e - 2 potions of might
 m - 6 potions of agility
 n - 5 potions of mutation
 q - 2 potions of flight
 r - a potion of berserk rage
 s - 3 potions of magic
 u - 7 potions of curing
 w - 2 potions of brilliance
 C - a potion of ambrosia
 D - 2 potions of resistance
 E - 3 potions of lignification
 K - 3 potions of invisibility
 Q - a potion of haste
Miscellaneous
 N - a lamp of fire
 P - a box of beasts
Comestibles
 f - 32 rations


   Skills:
 + Level 15.2 Fighting
 - Level 14.0 Staves
 - Level 2.0 Throwing
 + Level 16.1 Armour
 + Level 15.3 Dodging
 + Level 4.1 Earth Magic
 + Level 5.7 Evocations


You had 10 spell levels left.
You knew the following spells:

 Your Spells              Type           Power        Failure   Level  Hunger
a - Petrify               Tmut/Erth      #.......     99%         4    #####..

Your spell library contained the following spells:

 Spells                   Type           Power        Failure   Level  Hunger
 Beastly Appendage        Tmut           #.....       80%         1    ##.....
 Confusing Touch          Hex            #.....       80%         1    ##.....
 Corona                   Hex            #......      80%         1    ##.....
 Magic Dart               Conj           #...         80%         1    ##.....
 Shock                    Conj/Air       #...         80%         1    ##.....
 Summon Butterflies       Summ           #.......     80%         1    ##.....
 Summon Small Mammal      Summ           #...         80%         1    ##.....
 Call Imp                 Summ           #.......     90%         2    ###....
 Ensorcelled Hibernation  Hex/Ice        #.....       90%         2    ###....
 Searing Ray              Conj           #.....       90%         2    ###....
 Sticks to Snakes         Tmut           #.......     90%         2    ###....
 Swiftness                Chrm/Air       #.......     90%         2    ###....
 Call Canine Familiar     Summ           #.......     98%         3    ####...
 Confuse                  Hex            #.......     98%         3    ####...
 Dazzling Spray           Conj/Hex       #.....       98%         3    ####...
 Gell's Gravitas          Tloc           #.........   98%         3    ####...
 Regeneration             Chrm/Necr      #.........   98%         3    ####...
 Spider Form              Tmut/Pois      #.........   98%         3    ####...
 Static Discharge         Conj/Air       #.......     98%         3    ####...
 Summon Guardian Golem    Hex/Summ       #.......     98%         3    ####...
 Tukima's Dance           Hex            #.......     98%         3    ####...
 Airstrike                Air            #.........   100%        4    #####..
 Cause Fear               Hex            #.........   100%        4    #####..
 Force Lance              Conj/Tloc      #.......     100%        4    #####..
 Fulminant Prism          Conj/Hex       #.........   100%        4    #####..
 Ice Form                 Ice/Tmut       #.......     100%        4    #####..
 Iskenderun's Mystic Bla  Conj           #.......     100%        4    #####..
 Summon Ice Beast         Ice/Summ       #.......     100%        4    #####..
 Summon Lightning Spire   Summ/Air       #.......     100%        4    #####..
 Blade Hands              Tmut           #.........   100%        5    ######.
 Irradiate                Conj/Tmut      #.........   100%        5    ######.
 Lightning Bolt           Conj/Air       #.........   100%        5    ######.
 Metabolic Englaciation   Hex/Ice        #.........   100%        5    ######.
 Silence                  Hex/Air        #.........   100%        5    ######.
 Summon Mana Viper        Hex/Summ       #.......     100%        5    ######.
 Yara's Violent Unravell  Hex/Tmut       #.........   100%        5    ######.
 Deflect Missiles         Chrm/Air       #.........   100%        6    #######
 Shadow Creatures         Summ           N/A          100%        6    #######
 Summon Hydra             Summ           #.........   100%        7    #######
 Discord                  Hex            #.........   100%        8    #######


Dungeon Overview and Level Annotations

Branches:
Dungeon (15/15)            Temple (1/1) D:4            Lair (6/6) D:9
 Shoals (0/4) Lair:4        Snake (0/4) Lair:2        Slime (1/5) Lair:5
    Orc (2/2) D:11            Elf (0/3) Orc:2        Vaults (0/5) D:14
 Depths (0/5) D:15

Altars:
Ashenzari
Cheibriados
Dithmenos
Elyvilon
Fedhas
Gozag
Hepliaklqana
Kikubaaqudgha
Makhleb
Nemelex Xobeh
Okawaru
Qazlal
Ru
Sif Muna
Trog
Uskayaw
Vehumet
Wu Jian
Xom
Yredelemnul
Zin
The Shining One
Beogh
Jiyva

Shops:
D:6 =   D:9 *:   Orc:2 [!%!

Annotations:
Lair:3 exclusion: 4 oklob plants
Orc:2 2 runed translucent doors, FluffierThanThou's ghost, journeyman MiFi


Innate Abilities, Weirdness & Mutations

You reflexively headbutt those who attack you in melee.
You have a pair of horns on your head.
You are frail. (-10% HP)
Your magical capacity is low. (-10% MP)
Your spells are a little harder to cast, but a little more powerful.


Message History

You are splashed with acid!
The acid blob hits you but does no damage.
You are splashed with acid!!
The acid blob spits acid at you. The splash of acid hits you!
* * * LOW HITPOINT WARNING * * *
You are splashed with acid!
* * * LOW HITPOINT WARNING * * *
The acid blob spits acid at you. The splash of acid misses you.
The eye of draining gazes at you.
You feel your power leaking away.
As you read the scroll of fear, it crumbles to dust.
You assume a fearsome visage.
The eye of draining resists with some effort.
The acid blob resists with almost no effort. x2
The slime creature looks frightened!
The slime creature quivers.
The slime creature looks frightened!
You are splashed with acid!!
You die...

.... ....... .......
....... ## .......
##.### ##.......
#....####........
#.....##.........
#.<.##@J........
##............>..
#..........G.....
.................J..
##.##.#...#....J....
###................
##.....##....J.J.
......##........
......## .....


You could see 2 acid blobs, 2 slime creatures and an eye of draining.

Vanquished Creatures
  Rupert (Lair:3)
  An acid blob (Lair:5)
  A spark wasp (shapeshifter) (D:15)
  4 catoblepae
  An ice dragon (D:14)
  A vault guard (D:14)
  7 hydras
  4 centaur warriors
  A death knight (D:15)
  3 two-headed ogres
  2 tengu warriors
  4 orc high priests
  Sonja (Lair:1)
  3 unseen horrors
  6 orc knights
  Pikel (D:7)
  A wolf spider zombie (D:13)
  A deep elf mage (D:15)
  7 ugly things
  3 cyclopes
  A wolf spider (Lair:6)
  3 manticores
  3 orc sorcerers (Orc:2)
  A salamander (shapeshifter) (D:13)
  12 black mambas
  3 elephants (Lair:5)
  A guardian serpent (Lair:6)
  A merfolk siren (Lair:4)
  A gargoyle (D:14)
  11 spiny frogs
  3 rime drakes
  9 komodo dragons
  2 centaur skeletons
  4 yaktaurs (D:15)
  3 freezing wraiths (D:15)
  A tengu conjurer (D:15)
  A jumping spider (shapeshifter) (D:14)
  3 meliai (D:15)
  4 trolls
  A polar bear (Lair:2)
  2 hornets (Lair:6)
  21 slime creatures
  20 blink frogs
  6 hippogriffs
  3 redbacks (Lair:6)
  2 spriggans
  35 yaks
  2 shadows
  3 vampires
  4 wraiths
  8 wyverns
  A steam dragon (D:10)
  4 basilisks
  A hungry ghost (D:15)
  3 vampire mosquitoes (D:13)
  2 acid dragons
  24 water moccasins
  A soldier ant (D:10)
  7 porcupines
  A sky beast (D:15)
  4 slaves (D:7)
  A meliai simulacrum (D:15)
  36 orc warriors
  An eye of draining (D:15)
  A necrophage (D:11)
  11 ogres
  3 black bears
  3 ice beasts
  3 phantoms
  10 wolves
  12 centaurs
  13 crocodiles
  A big kobold (D:13)
  2 gnoll sergeants
  10 bullfrogs
  A wyvern skeleton (D:13)
  7 scorpions
  3 killer bees (D:12)
  8 wights
  3 electric eels (D:7)
  2 howler monkeys (D:8)
  2 crimson imps
  A bullfrog zombie (D:12)
  2 quasits
  A centaur zombie (D:12)
  7 hounds
  5 jellies
  11 orc priests
  25 orc wizards
  8 bullfrog skeletons
  4 iguanas
  10 worker ants
  A killer bee zombie (D:8)
  A hound skeleton (D:11)
  2 worker ant zombies
  11 gnolls
  18 adders
  A howler monkey skeleton (D:5)
  6 shadow imps
  3 oozes
  An adder zombie (D:5)
  2 adder skeletons
  3 worms
  A dart slug (D:1)
  4 leopard geckos
  96 orcs
  5 giant cockroaches
  11 hobgoblins
  13 jackals
  13 kobolds
  5 quokkas
  A ball python (D:1)
  9 bats
  9 frilled lizards
  5 goblins
  3 jackal skeletons
  A jackal zombie (D:6)
  A quokka skeleton (D:4)
  6 rats
714 creatures vanquished.

Vanquished Creatures (collateral kills)
  An orc wizard (Orc:2)
1 creature vanquished.

Vanquished Creatures (others)
  An orc knight (Orc:2)
  A yaktaur (D:15)
  A butterfly (D:7)
  7 fungi (Lair:6)
  6 plants
16 creatures vanquished.

Grand Total: 731 creatures vanquished

Notes
Turn   | Place    | Note
-------+----------+-------------------------------------------
     0 | D:1      | TheAraber the Minotaur Gladiator began the quest for the
                  | Orb.
     0 | D:1      | Reached XP level 1. HP: 18/18 MP: 0/0
    33 | D:1      | Reached XP level 2. HP: 25/25 MP: 1/1
    82 | D:1      | Reached skill level 1 in Armour
   175 | D:1      | Reached XP level 3. HP: 19/30 MP: 2/2
   953 | D:2      | Reached skill level 2 in Armour
   953 | D:2      | Reached XP level 4. HP: 35/37 MP: 3/3
   960 | D:2      | Reached skill level 5 in Staves
  1021 | D:2      | Found a hazy altar of Hepliaklqana.
  1076 | D:2      | Noticed a +0 hand axe
  1077 | D:2      | Noticed a +0 hand axe
  1078 | D:2      | Found a hide-covered altar of Uskayaw.
  1154 | D:2      | Found a stormy altar of Qazlal.
  1157 | D:2      | Found an ancient bone altar of Kikubaaqudgha.
  1157 | D:2      | Found a radiant altar of Vehumet.
  1157 | D:2      | Found a white marble altar of Elyvilon.
  1157 | D:2      | Found a sparkling altar of Nemelex Xobeh.
  1480 | D:3      | Noticed a black bear
  1485 | D:3      | Killed a black bear
  1485 | D:3      | Reached XP level 5. HP: 41/42 MP: 4/4
  1703 | D:3      | Reached skill level 3 in Armour
  2083 | D:4      | Noticed an ogre
  2088 | D:4      | Killed an ogre
  2088 | D:4      | Reached XP level 6. HP: 26/50 MP: 5/5
  2302 | D:4      | Reached skill level 5 in Dodging
  2311 | D:4      | Reached skill level 4 in Armour
  2319 | D:4      | Reached XP level 7. HP: 43/56 MP: 6/6
  2405 | D:4      | Found a staircase to the Ecumenical Temple.
  2412 | Temple   | Entered the Ecumenical Temple
  2778 | D:4      | Found a shadowy altar of Dithmenos.
  3078 | D:5      | Entered Level 5 of the Dungeon
  3312 | D:5      | Reached skill level 5 in Armour
  3756 | D:5      | Reached XP level 8. HP: 61/62 MP: 7/7
  4238 | D:6      | Reached skill level 6 in Armour
  4372 | D:6      | Found Plog's Jewellery Emporium.
  4382 | D:6      | Reached skill level 10 in Staves
  4435 | D:6      | Found a sacrificial altar of Ru.
  4924 | D:7      | Reached XP level 9. HP: 58/68 MP: 8/8
  5006 | D:7      | Noticed Pikel
  5050 | D:7      | Killed Pikel
  5050 | D:7      | Reached skill level 7 in Armour
  5517 | D:7      | Found a shimmering altar of Xom.
  5526 | D:7      | Found an iron altar of Okawaru.
  5557 | D:7      | Became a worshipper of Warmaster Okawaru
  6427 | D:8      | Reached * piety under Okawaru
  6427 | D:8      | Reached skill level 8 in Armour
  6640 | D:8      | Reached ** piety under Okawaru
  6653 | D:8      | Reached XP level 10. HP: 58/74 MP: 9/9
  7056 | D:9      | Found a flagged portal.
  7062 | Bailey   | Entered a bailey
  7398 | Bailey   | Reached *** piety under Okawaru
  7398 | Bailey   | Reached skill level 9 in Armour
  7411 | Bailey   | Noticed an orc knight
  7420 | Bailey   | Killed an orc knight
  7696 | D:9      | Reached **** piety under Okawaru
  7998 | D:9      | Found a staircase to the Lair.
  8094 | D:9      | Received a gift from Okawaru
  8094 | D:9      | Reached skill level 10 in Armour
  8158 | D:9      | Found Niredd's Book Shoppe.
  8201 | D:9      | Found a burning altar of Makhleb.
  8205 | D:9      | Found Tenenioh's General Store.
  8274 | D:9      | Found a deep blue altar of Sif Muna.
  8346 | D:9      | Reached skill level 10 in Dodging
  8346 | D:9      | Reached XP level 11. HP: 52/80 MP: 10/10
  8474 | D:9      | Found a glowing silver altar of Zin.
  8615 | D:10     | Entered Level 10 of the Dungeon
  8641 | D:10     | Noticed a two-headed ogre
  8647 | D:10     | Killed a two-headed ogre
  8689 | D:10     | Reached ***** piety under Okawaru
  8979 | D:10     | Reached skill level 11 in Armour
  9549 | D:11     | Noticed a two-headed ogre
  9562 | D:11     | Killed a two-headed ogre
  9562 | D:11     | Received a gift from Okawaru
  9634 | D:11     | Found a staircase to the Orcish Mines.
  9635 | D:11     | Noticed an orc knight
  9638 | D:11     | Found a roughly hewn altar of Beogh.
  9927 | Lair:1   | Entered Level 1 of the Lair of Beasts
 10372 | Lair:1   | You fall through a shaft!
 10384 | Lair:2   | Received a gift from Okawaru
 10384 | Lair:2   | Reached skill level 12 in Armour
 10671 | Lair:2   | Found a staircase to the Snake Pit.
 10752 | Lair:1   | Reached skill level 5 in Fighting
 10899 | Lair:1   | Noticed Sonja
 10918 | Lair:1   | Killed Sonja
 10919 | Lair:1   | Gained mutation: You are frail. (-10% HP) [potion of
                  | mutation]
 10919 | Lair:1   | Gained mutation: Your magical capacity is low. (-10% MP)
                  | [potion of mutation]
 10919 | Lair:1   | Gained mutation: Your spells are a little harder to cast,
                  | but a little more powerful. [potion of mutation]
 11273 | Lair:1   | Identified a scroll of acquirement
 11354 | Lair:1   | Noticed a seven-headed hydra
 11362 | Lair:1   | Killed a 12-headed hydra
 11362 | Lair:1   | Reached XP level 12. HP: 66/86 MP: 9/9
 13987 | Lair:3   | Noticed Rupert
 13996 | Lair:3   | Identified the Handbook of Shape Shifting and Boosts
 14000 | Lair:3   | Paralysed by Rupert for 5 turns
 14012 | Lair:3   | Killed Rupert
 14012 | Lair:3   | Reached ****** piety under Okawaru
 14012 | Lair:3   | Received a gift from Okawaru
 14012 | Lair:3   | Reached skill level 13 in Armour
 14749 | Lair:4   | Found a staircase to the Shoals.
 14771 | Lair:4   | Noticed a five-headed hydra
 14783 | Lair:4   | Reached skill level 10 in Fighting
 14805 | Lair:4   | Killed a 12-headed hydra
 14806 | Lair:4   | Noticed a catoblepas
 14817 | Lair:4   | Noticed a catoblepas
 14823 | Lair:4   | Killed a catoblepas
 14846 | Lair:4   | Reached XP level 13. HP: 32/103 MP: 10/10
 15239 | Lair:4   | You fall through a shaft for 2 floors!
 15239 | Lair:6   | Entered Level 6 of the Lair of Beasts
 15247 | Lair:6   | Received a gift from Okawaru
 15301 | Lair:6   | Received a gift from Okawaru
 15313 | Lair:6   | Got a crude plate armour {god gift}
 15314 | Lair:6   | Identified the +2 plate armour of Ennosul {*Slow rElec
                  | rPois rN++} (Okawaru gifted it to you on level 6 of the
                  | Lair of Beasts)
 15624 | Lair:6   | Reached skill level 14 in Armour
 17442 | Lair:5   | Found a runed translucent door.
 17443 | Lair:5   | Found a viscous altar of Jiyva.
 17444 | Lair:5   | Noticed an acid blob
 17446 | Lair:5   | Found a staircase to the Slime Pits.
 17500 | Lair:5   | Identified Oborhoerio's Catalogue of Shifting Summoning
 17886 | Lair:5   | Received a gift from Okawaru
 18911 | D:11     | Reached XP level 14. HP: 101/117 MP: 10/11
 19153 | D:11     | Reached skill level 1 in Evocations
 19160 | D:11     | Received a gift from Okawaru
 19165 | D:11     | Got a fine quarterstaff {god gift}
 19198 | D:11     | Identified the +2 quarterstaff "Xeixug" {venom, MR+ MP+9}
                  | (Okawaru gifted it to you on level 11 of the Dungeon)
 19482 | Orc:1    | Entered Level 1 of the Orcish Mines
 20466 | D:12     | Found a roughly hewn altar of Beogh.
 21294 | D:13     | Reached skill level 15 in Armour
 22461 | D:13     | Learned a level 4 spell: Petrify
 22996 | D:14     | Received a gift from Okawaru
 23191 | D:14     | Reached skill level 1 in Earth Magic
 23534 | D:14     | Found a gate to the Vaults.
 24043 | D:15     | Entered Level 15 of the Dungeon
 24107 | D:15     | Received a gift from Okawaru
 24166 | D:15     | HP: 2/119 [spark wasp (glowing shapeshifter) (13)]
 24758 | D:15     | Reached skill level 15 in Dodging
 24846 | D:15     | Found a staircase to the Depths.
 25028 | D:15     | Reached XP level 15. HP: 109/125 MP: 15/15
 25206 | D:15     | Reached skill level 5 in Evocations
 25237 | D:15     | HP: 1/125 [yaktaur/bolt (20)]
 25245 | D:15     | HP: 4/125 [yaktaur (11)]
 25789 | D:15     | Reached skill level 15 in Fighting
 26564 | Orc:1    | Received a gift from Okawaru
 26867 | Orc:2    | Entered Level 2 of the Orcish Mines
 26999 | Orc:2    | Found a staircase to the Elven Halls.
 27077 | Orc:2    | Reached skill level 16 in Armour
 27167 | Orc:2    | Found a gate leading to a gauntlet.
 27682 | Orc:2    | Found Feuquet's Food Boutique.
 27682 | Orc:2    | Found Ceivahej's Distillery.
 27692 | Orc:2    | Found Anwopna's Armour Boutique.
 27692 | Orc:2    | Found Nuompar's Distillery.
 27703 | Orc:2    | Bought a potion of heal wounds for 65 gold pieces
 27703 | Orc:2    | Bought a potion of might for 52 gold pieces
 27703 | Orc:2    | Bought a potion of heal wounds for 65 gold pieces
 27703 | Orc:2    | Bought a potion of curing for 39 gold pieces
 27703 | Orc:2    | Bought a potion of ambrosia for 104 gold pieces
 27703 | Orc:2    | Bought a potion of curing for 39 gold pieces
 27703 | Orc:2    | Bought a potion of curing for 39 gold pieces
 27703 | Orc:2    | Bought a potion of heal wounds for 65 gold pieces
 27924 | Orc:2    | Found a large runed translucent door.
 27924 | Orc:2    | Found a large runed translucent door.
 27946 | Orc:2    | Noticed FluffierThanThou's ghost (journeyman MiFi)
 28323 | Lair:5   | Killed an acid blob
 28384 | Slime:1  | Entered Level 1 of the Pits of Slime
 28387 | Slime:1  | Noticed an acid blob
 28389 | Slime:1  | Noticed an acid blob
 28394 | Slime:1  | Splashed with acid

Skill      XL: |  1  2  3  4  5  6  7  8  9 10 11 12 13 14 15 |
---------------+----------------------------------------------+-----
Staves         | 4 5 6 7 8 10 12 14 | 14.0
Armour         | 1 2 3 4 5 6 8 10 12 13 14 15 16 | 16.1
Dodging        | 4 5 6 7 8 10 11 13 14 15 | 15.3
Fighting       | 6 10 13 14 15 | 15.2
Evocations     | 4 5 |  5.7
Earth Magic    | 3 4 |  4.1
Throwing       | |  2.0

Action                   |  1- 3 |  4- 6 |  7- 9 | 10-12 | 13-15 || total
-------------------------+-------+-------+-------+-------+-------++-------
Melee: Quarterstaff      |    86 |    82 |   415 |   451 |       ||  1034
       Headbutt          |     9 |    12 |    71 |   161 |   273 ||   526
       Lajatang          |       |       |       |   213 |  1117 ||  1330
Invok: Heroism           |       |       |       |       |     2 ||     2
 Abil: Evoke Berserk Rag |       |       |       |       |     1 ||     1
Evoke: Wand              |       |       |       |    12 |     3 ||    15
       Lamp of fire      |       |       |       |     1 |       ||     1
       Phantom mirror    |       |       |       |     1 |       ||     1
  Use: Scroll            |       |       |     9 |    12 |    22 ||    43
       Potion            |       |       |       |     6 |    12 ||    18
 Stab: Confused          |       |       |       |     1 |       ||     1
       Petrified         |       |       |       |     1 |     1 ||     2
  Eat: Chunk             |       |     4 |    15 |     7 |    22 ||    48
       Ration            |       |       |       |     5 |     7 ||    12
Armor: Leather armour    |    14 |       |       |       |       ||    14
       Plate armour      |    47 |    42 |   249 |   245 |       ||   583
       Pearl dragon scal |       |       |       |    44 |   374 ||   418
Dodge: Dodged            |    61 |    21 |   186 |   410 |   728 ||  1406
